[ PARTIDA AOE2 · #483583108 ]
Team RMCoreanos vs Persians
Equipo del jugador · DERR
[ ANÁLISIS DE REPETICIÓN · EXTRAÍDO DE LA PARTIDA GRABADA ]
Feudal
12:33
Castillos
16:19
Imperial
34:07
| APM promedio | 31.6 |
| APM pico | 102 |
| eAPM promedio | 17.1 |
| Aldeanos / militares | 140 / 742 |
Foco
⚔️ 35.2% · 🌾 64.8%
Militia ×346 · Spearman ×279 · Fire Lancer ×101 · Trebuchet (Packed) ×15 · Trade Cart ×11 · Monk ×1
Feudal
11:15
Castillos
21:52
Imperial
39:40
| APM promedio | 27.4 |
| APM pico | 58 |
| eAPM promedio | 15.5 |
| Aldeanos / militares | 183 / 223 |
Foco
⚔️ 30.2% · 🌾 69.8%
Scout Cavalry ×210 · Unknown (1952) ×153 · Unknown (1944) ×16 · Trade Cart ×13 · Spearman ×6 · Demolition Raft ×4
Feudal
9:32
Castillos
24:10
Imperial
42:01
| APM promedio | 66.6 |
| APM pico | 137 |
| eAPM promedio | 31.6 |
| Aldeanos / militares | 260 / 374 |
Foco
⚔️ 51.5% · 🌾 48.5%
Scout Cavalry ×297 · Camel Scout ×44 · Ghulam ×31 · Trade Cart ×19 · Trebuchet (Packed) ×2
Feudal
12:07
Castillos
16:08
Imperial
36:01
| APM promedio | 38.9 |
| APM pico | 112 |
| eAPM promedio | 15.7 |
| Aldeanos / militares | 156 / 689 |
Foco
⚔️ 42.6% · 🌾 57.4%
Scout Cavalry ×346 · Spearman ×160 · Camel Scout ×105 · Archer ×62 · Trebuchet (Packed) ×9 · Trade Cart ×8
Feudal
12:17
Castillos
18:39
Imperial
37:44
| APM promedio | 24.5 |
| APM pico | 53 |
| eAPM promedio | 14.2 |
| Aldeanos / militares | 184 / 912 |
Foco
⚔️ 39.5% · 🌾 60.5%
Scout Cavalry ×909 · Trade Cart ×96 · Trebuchet (Packed) ×2 · Spearman ×1
Feudal
12:46
Castillos
19:02
Imperial
44:24
| APM promedio | 19.9 |
| APM pico | 53 |
| eAPM promedio | 11.8 |
| Aldeanos / militares | 162 / 445 |
Foco
⚔️ 31.0% · 🌾 69.0%
Scout Cavalry ×268 · Knight ×164 · Trade Cart ×32 · Bombard Cannon ×12 · Fishing Ship ×4 · Monk ×1
Feudal
10:38
Castillos
15:51
Imperial
30:03
| APM promedio | 23.9 |
| APM pico | 62 |
| eAPM promedio | 14.0 |
| Aldeanos / militares | 164 / 302 |
Foco
⚔️ 47.2% · 🌾 52.8%
War Elephant ×208 · Archer ×51 · Spearman ×28 · Hand Cannoneer ×12 · Trade Cart ×8 · Monk ×3
Feudal
12:30
Castillos
16:25
Imperial
35:34
| APM promedio | 26.1 |
| APM pico | 52 |
| eAPM promedio | 14.4 |
| Aldeanos / militares | 197 / 737 |
Foco
⚔️ 36.4% · 🌾 63.6%
Scout Cavalry ×416 · Skirmisher ×143 · Camel Scout ×139 · Spearman ×32 · Trade Cart ×12 · Knight ×4
Mapa de la partida
Recursos iniciales + cada clic de construcción. Líneas = muros · curvas = relieve. ◆ oro · ⬟ piedra · ● bayas · ✦ reliquia · ◌ hueco del cierre
Tu base· ✓ Separados por el mapa
Base de [Lunch Club] The D· ✓ Separados por el mapa
Base de Anark· ✓ Separados por el mapa
Base de [Lunch Club] Living Large· ✓ Separados por el mapa
Base de Wololo· ✓ Separados por el mapa
Base de [Lunch Club] TheYps· ✓ Separados por el mapa
Base de vinhphuocrv· ✓ Separados por el mapa
Base de Pig-killing team member· ✓ Separados por el mapa
Terreno inicial suavizado · ◌ = hueco del cierre detectado · pasá el cursor para detalles
Inputs por minuto
— Peyd - - [Lunch Club] The D
Build order — Peyd
Primeras 150 de 607 acciones detectadas
| 0:05 | Crear | Villager (Male) |
| 0:05 | Crear | Villager (Male) |
| 0:06 | Crear | Villager (Male) |
| 0:06 | Crear | Villager (Male) |
| 0:08 | Construir | House |
| 0:10 | Construir | House |
| 1:44 | Crear | Villager (Male) |
| 1:59 | Crear | Villager (Male) |
| 2:54 | Construir | Lumber Camp |
| 3:01 | Crear | Villager (Male) |
| 3:01 | Crear | Villager (Male) |
| 3:30 | Crear | Villager (Male) |
| 4:05 | Crear | Villager (Male) |
| 4:05 | Crear | Villager (Male) |
| 4:21 | Construir | House |
| 4:50 | Construir | Mill |
| 5:30 | Crear | Villager (Male) |
| 5:44 | Crear | Villager (Male) |
| 6:08 | Crear | Villager (Male) |
| 6:41 | Crear | Villager (Male) |
| 6:56 | Crear | Villager (Male) |
| 7:17 | Crear | Villager (Male) |
| 7:20 | Construir | House |
| 7:47 | Crear | Villager (Male) |
| 8:14 | Construir | Lumber Camp |
| 8:16 | Crear | Villager (Male) |
| 8:38 | Construir | House |
| 8:57 | Crear | Villager (Male) |
| 9:21 | Crear | Villager (Male) |
| 9:29 | Construir | Mining Camp |
| 9:58 | Investigar | Loom |
| 9:59 | Investigar | Feudal Age |
| 11:15 | Construir | House |
| 12:33 | Edad | Edad Feudal |
| 12:39 | Construir | Blacksmith |
| 12:42 | Construir | Market |
| 12:47 | Crear | Villager (Male) |
| 12:48 | Crear | Villager (Male) |
| 12:52 | Investigar | Double-Bit Axe |
| 13:23 | Construir | House |
| 13:39 | Investigar | Castle Age |
| 13:40 | Investigar | Castle Age |
| 13:46 | Investigar | Horse Collar |
| 13:50 | Crear | Villager (Male) |
| 13:57 | Construir | Farm |
| 14:00 | Construir | House |
| 14:06 | Construir | Farm |
| 14:22 | Construir | Farm |
| 14:24 | Construir | Farm |
| 14:35 | Construir | Farm |
| 14:40 | Construir | House |
| 15:22 | Construir | House |
| 15:27 | Construir | Farm |
| 15:29 | Construir | Farm |
| 15:33 | Construir | Farm |
| 16:02 | Construir | House |
| 16:08 | Construir | Farm |
| 16:10 | Construir | Farm |
| 16:19 | Edad | Edad de los Castillos |
| 16:25 | Construir | Town Center |
| 16:31 | Crear | Villager (Male) |
| 17:15 | Crear | Villager (Male) |
| 17:15 | Crear | Villager (Male) |
| 17:15 | Crear | Villager (Male) |
| 17:23 | Investigar | Bow Saw |
| 17:23 | Investigar | Bow Saw |
| 17:45 | Crear | Villager (Male) |
| 17:45 | Crear | Villager (Male) |
| 17:45 | Crear | Villager (Male) |
| 17:49 | Construir | Farm |
| 17:52 | Construir | Farm |
| 18:01 | Crear | Villager (Male) |
| 18:57 | Construir | Town Center |
| 19:14 | Crear | Villager (Male) |
| 19:15 | Crear | Villager (Male) |
| 19:15 | Crear | Villager (Male) |
| 19:15 | Crear | Villager (Male) |
| 19:45 | Crear | Villager (Male) |
| 19:50 | Construir | Farm |
| 19:51 | Construir | Farm |
| 19:52 | Construir | Farm |
| 19:54 | Construir | Farm |
| 20:08 | Investigar | Heavy Plow |
| 20:10 | Crear | Villager (Male) |
| 20:10 | Crear | Villager (Male) |
| 20:10 | Crear | Villager (Male) |
| 20:11 | Crear | Villager (Male) |
| 20:20 | Construir | Mining Camp |
| 20:27 | Crear | Villager (Male) |
| 20:27 | Crear | Villager (Male) |
| 20:46 | Crear | Villager (Male) |
| 20:46 | Crear | Villager (Male) |
| 21:05 | Construir | University |
| 21:10 | Crear | Villager (Male) |
| 21:12 | Construir | House |
| 21:15 | Investigar | Town Watch |
| 21:15 | Investigar | Town Watch |
| 21:18 | Crear | Villager (Male) |
| 21:18 | Crear | Villager (Male) |
| 21:41 | Crear | Villager (Male) |
| 21:41 | Crear | Villager (Male) |
| 21:41 | Crear | Villager (Male) |
| 21:53 | Investigar | Stone Mining |
| 21:53 | Investigar | Stone Mining |
| 21:56 | Construir | Farm |
| 21:58 | Construir | Farm |
| 22:05 | Construir | House |
| 22:15 | Construir | House |
| 22:26 | Construir | House |
| 22:37 | Crear | Villager (Male) |
| 22:37 | Crear | Villager (Male) |
| 22:37 | Crear | Villager (Male) |
| 22:44 | Construir | Barracks |
| 22:55 | Crear | Villager (Male) |
| 22:55 | Crear | Villager (Male) |
| 22:55 | Crear | Villager (Male) |
| 23:08 | Construir | Barracks |
| 23:11 | Construir | Palisade Wall |
| 23:20 | Crear | Villager (Male) |
| 23:21 | Crear | Villager (Male) |
| 23:22 | Crear | Villager (Male) |
| 23:29 | Construir | Mining Camp |
| 23:32 | Crear | Villager (Male) |
| 23:53 | Crear | Villager (Male) |
| 23:53 | Crear | Villager (Male) |
| 24:28 | Construir | Lumber Camp |
| 24:30 | Crear | Villager (Male) |
| 24:30 | Crear | Villager (Male) |
| 24:30 | Crear | Villager (Male) |
| 24:31 | Crear | Villager (Male) |
| 24:38 | Crear | Villager (Male) |
| 24:38 | Crear | Villager (Male) |
| 24:52 | Construir | Mill |
| 24:54 | Construir | Farm |
| 24:55 | Construir | Farm |
| 24:55 | Construir | Farm |
| 24:56 | Construir | Farm |
| 24:57 | Construir | Farm |
| 25:01 | Crear | Villager (Male) |
| 25:01 | Crear | Villager (Male) |
| 25:23 | Construir | Monastery |
| 25:30 | Crear | Villager (Male) |
| 25:30 | Crear | Villager (Male) |
| 25:31 | Crear | Villager (Male) |
| 25:34 | Construir | Farm |
| 25:59 | Investigar | Wheelbarrow |
| 25:59 | Investigar | Wheelbarrow |
| 26:00 | Crear | Villager (Male) |
| 26:00 | Crear | Villager (Male) |
| 26:00 | Crear | Villager (Male) |
Build order — [Lunch Club] The D
Primeras 150 de 536 acciones detectadas
| 0:03 | Crear | Villager (Male) |
| 0:03 | Crear | Villager (Male) |
| 0:05 | Construir | House |
| 0:06 | Construir | House |
| 0:07 | Crear | Villager (Male) |
| 0:07 | Crear | Villager (Male) |
| 1:46 | Crear | Villager (Male) |
| 1:53 | Construir | Lumber Camp |
| 2:10 | Crear | Villager (Male) |
| 2:10 | Crear | Villager (Male) |
| 2:38 | Crear | Villager (Male) |
| 2:38 | Crear | Villager (Male) |
| 3:13 | Crear | Villager (Male) |
| 3:36 | Crear | Villager (Male) |
| 3:46 | Construir | House |
| 4:09 | Crear | Villager (Male) |
| 4:09 | Crear | Villager (Male) |
| 4:35 | Construir | Mill |
| 4:37 | Crear | Villager (Male) |
| 5:03 | Crear | Villager (Male) |
| 5:26 | Crear | Villager (Male) |
| 5:52 | Crear | Villager (Male) |
| 6:13 | Crear | Villager (Male) |
| 6:47 | Crear | Villager (Male) |
| 6:51 | Construir | House |
| 7:17 | Crear | Villager (Male) |
| 7:45 | Crear | Villager (Male) |
| 8:12 | Investigar | Loom |
| 8:44 | Crear | Villager (Male) |
| 9:05 | Investigar | Feudal Age |
| 10:30 | Construir | Dock |
| 10:45 | Construir | Barracks |
| 10:47 | Construir | House |
| 11:15 | Edad | Edad Feudal |
| 11:20 | Investigar | Double-Bit Axe |
| 11:21 | Crear | Villager (Male) |
| 11:26 | Investigar | Horse Collar |
| 11:35 | Construir | Stable |
| 11:46 | Construir | Farm |
| 11:47 | Crear | Villager (Male) |
| 12:05 | Crear | Demolition Raft |
| 12:11 | Crear | Fishing Ship |
| 12:27 | Construir | Farm |
| 12:38 | Crear | Scout Cavalry |
| 12:38 | Crear | Scout Cavalry |
| 12:45 | Construir | Farm |
| 12:53 | Construir | Farm |
| 12:58 | Crear | Villager (Male) |
| 13:07 | Crear | Demolition Raft |
| 13:12 | Crear | Fishing Ship |
| 13:16 | Construir | House |
| 13:21 | Construir | House |
| 13:25 | Crear | Villager (Male) |
| 13:28 | Investigar | Wheelbarrow |
| 13:38 | Construir | Farm |
| 13:44 | Construir | Farm |
| 14:01 | Crear | Scout Cavalry |
| 14:02 | Crear | Villager (Male) |
| 14:04 | Crear | Villager (Male) |
| 14:16 | Crear | Demolition Raft |
| 14:19 | Crear | Fishing Ship |
| 14:31 | Construir | Farm |
| 14:35 | Construir | Farm |
| 14:57 | Construir | Farm |
| 15:21 | Crear | Scout Cavalry |
| 15:26 | Construir | Farm |
| 15:35 | Crear | Villager (Male) |
| 15:36 | Crear | Villager (Male) |
| 15:44 | Crear | Spearman |
| 15:44 | Crear | Spearman |
| 15:47 | Construir | House |
| 15:59 | Construir | Palisade Wall |
| 16:03 | Construir | Mining Camp |
| 16:28 | Crear | Spearman |
| 16:40 | Crear | Scout Cavalry |
| 16:41 | Crear | Scout Cavalry |
| 16:44 | Construir | House |
| 16:46 | Construir | House |
| 16:47 | Construir | House |
| 16:50 | Crear | Villager (Male) |
| 16:50 | Crear | Villager (Male) |
| 17:30 | Construir | Blacksmith |
| 17:38 | Crear | Villager (Male) |
| 17:41 | Construir | Farm |
| 17:47 | Construir | Farm |
| 17:54 | Crear | Villager (Male) |
| 18:17 | Construir | Farm |
| 18:23 | Construir | Farm |
| 18:33 | Construir | Farm |
| 18:47 | Crear | Villager (Male) |
| 19:07 | Construir | Farm |
| 19:10 | Construir | Farm |
| 19:12 | Investigar | Castle Age |
| 20:11 | Investigar | Gold Mining |
| 20:14 | Construir | Farm |
| 20:17 | Construir | House |
| 20:20 | Construir | House |
| 20:49 | Crear | Demolition Raft |
| 21:05 | Crear | Spearman |
| 21:05 | Crear | Spearman |
| 21:09 | Construir | House |
| 21:13 | Construir | House |
| 21:17 | Construir | House |
| 21:20 | Construir | House |
| 21:45 | Construir | Palisade Wall |
| 21:52 | Edad | Edad de los Castillos |
| 21:57 | Crear | Unit 1944 |
| 21:58 | Crear | Unit 1944 |
| 21:58 | Crear | Unit 1944 |
| 22:00 | Crear | Villager (Male) |
| 22:00 | Crear | Villager (Male) |
| 22:01 | Construir | Stable |
| 22:21 | Crear | Spearman |
| 23:01 | Crear | Unit 1944 |
| 23:02 | Crear | Unit 1944 |
| 23:02 | Crear | Unit 1944 |
| 23:03 | Crear | Unit 1944 |
| 23:18 | Crear | Villager (Male) |
| 23:18 | Crear | Villager (Male) |
| 23:34 | Crear | Villager (Male) |
| 24:09 | Investigar | Fletching |
| 24:15 | Crear | Unit 1944 |
| 24:15 | Crear | Unit 1944 |
| 24:16 | Crear | Unit 1944 |
| 24:36 | Investigar | Scale Barding Armor |
| 24:42 | Crear | Villager (Male) |
| 24:44 | Crear | Villager (Male) |
| 24:56 | Crear | Villager (Male) |
| 25:24 | Construir | Town Center |
| 26:21 | Crear | Villager (Male) |
| 26:21 | Crear | Villager (Male) |
| 26:22 | Crear | Villager (Male) |
| 26:24 | Crear | Unit 1944 |
| 26:51 | Crear | Villager (Male) |
| 26:51 | Crear | Villager (Male) |
| 26:57 | Crear | Villager (Male) |
| 27:04 | Construir | Farm |
| 27:06 | Construir | Farm |
| 27:07 | Construir | Farm |
| 27:09 | Construir | Farm |
| 27:11 | Crear | Villager (Male) |
| 27:39 | Crear | Villager (Male) |
| 27:40 | Crear | Villager (Male) |
| 27:42 | Crear | Unit 1944 |
| 27:42 | Crear | Unit 1944 |
| 28:00 | Construir | Farm |
| 28:02 | Construir | Farm |
| 28:03 | Crear | Villager (Male) |
| 28:03 | Crear | Villager (Male) |
| 28:04 | Crear | Villager (Male) |
Build order — Anark
Primeras 150 de 991 acciones detectadas
| 0:01 | Crear | Villager (Male) |
| 0:02 | Construir | House |
| 0:04 | Construir | House |
| 0:18 | Crear | Villager (Male) |
| 0:18 | Crear | Villager (Male) |
| 0:25 | Crear | Villager (Male) |
| 0:25 | Crear | Villager (Male) |
| 0:26 | Crear | Villager (Male) |
| 1:02 | Crear | Villager (Male) |
| 1:02 | Crear | Villager (Male) |
| 1:33 | Crear | Villager (Male) |
| 1:34 | Crear | Villager (Male) |
| 2:23 | Crear | Villager (Male) |
| 2:23 | Crear | Villager (Male) |
| 2:23 | Crear | Villager (Male) |
| 2:23 | Crear | Villager (Male) |
| 2:47 | Crear | Villager (Male) |
| 2:47 | Crear | Villager (Male) |
| 2:48 | Crear | Villager (Male) |
| 2:48 | Crear | Villager (Male) |
| 3:09 | Construir | House |
| 3:27 | Crear | Villager (Male) |
| 3:27 | Crear | Villager (Male) |
| 3:44 | Construir | Lumber Camp |
| 4:16 | Crear | Villager (Male) |
| 4:16 | Crear | Villager (Male) |
| 5:07 | Crear | Villager (Male) |
| 5:08 | Crear | Villager (Male) |
| 5:08 | Crear | Villager (Male) |
| 6:13 | Construir | Mill |
| 6:42 | Construir | Mill |
| 6:49 | Crear | Villager (Male) |
| 6:54 | Investigar | Loom |
| 7:02 | Construir | House |
| 7:22 | Investigar | Feudal Age |
| 7:50 | Construir | Mining Camp |
| 9:16 | Crear | Villager (Male) |
| 9:30 | Construir | Farm |
| 9:32 | Edad | Edad Feudal |
| 9:44 | Construir | Barracks |
| 9:55 | Crear | Villager (Male) |
| 10:09 | Construir | Stone Wall |
| 10:24 | Construir | Stone Wall |
| 10:28 | Crear | Villager (Male) |
| 10:45 | Construir | House |
| 10:53 | Crear | Villager (Male) |
| 10:58 | Construir | Farm |
| 11:04 | Construir | House |
| 11:06 | Construir | House |
| 11:08 | Crear | Villager (Male) |
| 11:28 | Construir | Stable |
| 11:50 | Crear | Villager (Male) |
| 11:55 | Crear | Villager (Male) |
| 11:55 | Crear | Villager (Male) |
| 12:20 | Construir | Farm |
| 12:30 | Construir | House |
| 12:53 | Construir | House |
| 12:55 | Crear | Scout Cavalry |
| 12:55 | Crear | Scout Cavalry |
| 13:00 | Construir | Farm |
| 13:01 | Construir | Farm |
| 13:08 | Construir | Mining Camp |
| 13:29 | Crear | Villager (Male) |
| 13:44 | Construir | Farm |
| 13:49 | Construir | House |
| 13:54 | Construir | House |
| 13:56 | Crear | Scout Cavalry |
| 14:05 | Crear | Villager (Male) |
| 14:14 | Investigar | Bloodlines |
| 14:24 | Construir | House |
| 14:46 | Construir | Farm |
| 14:47 | Crear | Villager (Male) |
| 14:47 | Crear | Villager (Male) |
| 15:02 | Construir | House |
| 15:19 | Construir | Gate |
| 15:23 | Construir | Farm |
| 15:26 | Construir | Farm |
| 15:26 | Crear | Villager (Male) |
| 15:27 | Crear | Villager (Male) |
| 16:27 | Crear | Villager (Male) |
| 16:34 | Construir | House |
| 16:36 | Construir | House |
| 16:39 | Construir | House |
| 16:43 | Construir | Farm |
| 16:46 | Crear | Villager (Male) |
| 17:02 | Construir | Farm |
| 17:27 | Construir | Farm |
| 17:29 | Construir | Farm |
| 17:29 | Crear | Villager (Male) |
| 17:30 | Crear | Villager (Male) |
| 18:07 | Construir | Blacksmith |
| 18:32 | Construir | Farm |
| 18:35 | Crear | Villager (Male) |
| 18:35 | Crear | Villager (Male) |
| 18:55 | Construir | Farm |
| 18:59 | Construir | Farm |
| 19:00 | Construir | Farm |
| 19:01 | Crear | Villager (Male) |
| 19:01 | Crear | Villager (Male) |
| 19:19 | Construir | Farm |
| 19:20 | Construir | Farm |
| 19:22 | Crear | Villager (Male) |
| 19:22 | Crear | Villager (Male) |
| 19:22 | Crear | Villager (Male) |
| 20:04 | Construir | Farm |
| 20:48 | Construir | Mill |
| 20:49 | Construir | Farm |
| 20:49 | Construir | Farm |
| 20:49 | Construir | Farm |
| 20:49 | Construir | Farm |
| 20:49 | Construir | Farm |
| 20:51 | Crear | Villager (Male) |
| 20:51 | Crear | Villager (Male) |
| 20:51 | Crear | Villager (Male) |
| 21:27 | Investigar | Castle Age |
| 21:55 | Construir | Farm |
| 21:55 | Construir | Farm |
| 21:59 | Construir | Farm |
| 22:00 | Construir | Farm |
| 23:41 | Construir | House |
| 23:44 | Construir | House |
| 23:45 | Construir | House |
| 24:10 | Edad | Edad de los Castillos |
| 24:12 | Construir | Castle |
| 24:18 | Crear | Villager (Male) |
| 24:18 | Crear | Villager (Male) |
| 24:18 | Crear | Villager (Male) |
| 24:23 | Investigar | Fletching |
| 24:24 | Investigar | Forging |
| 24:25 | Investigar | Scale Barding Armor |
| 24:27 | Investigar | Light Cavalry (upgrade) |
| 24:28 | Investigar | Husbandry |
| 24:37 | Construir | Town Center |
| 24:42 | Construir | Town Center |
| 24:46 | Crear | Villager (Male) |
| 24:47 | Crear | Villager (Male) |
| 24:47 | Crear | Villager (Male) |
| 25:01 | Investigar | Bodkin Arrow |
| 25:29 | Crear | Villager (Male) |
| 25:29 | Crear | Villager (Male) |
| 25:38 | Crear | Scout Cavalry |
| 25:38 | Crear | Scout Cavalry |
| 26:06 | Crear | Villager (Male) |
| 26:06 | Crear | Villager (Male) |
| 26:11 | Crear | Villager (Male) |
| 26:12 | Crear | Villager (Male) |
| 26:12 | Crear | Villager (Male) |
| 26:12 | Crear | Villager (Male) |
| 26:12 | Crear | Villager (Male) |
| 26:22 | Crear | Scout Cavalry |
Build order — [Lunch Club] Living Large
Primeras 150 de 637 acciones detectadas
| 0:01 | Crear | Villager (Male) |
| 0:01 | Crear | Villager (Male) |
| 0:02 | Crear | Villager (Male) |
| 0:03 | Construir | House |
| 0:04 | Construir | House |
| 0:30 | Crear | Villager (Male) |
| 1:35 | Crear | Villager (Male) |
| 1:53 | Crear | Villager (Male) |
| 1:55 | Construir | Lumber Camp |
| 2:24 | Crear | Villager (Male) |
| 2:59 | Crear | Villager (Male) |
| 3:00 | Crear | Villager (Male) |
| 3:30 | Construir | House |
| 3:48 | Crear | Villager (Male) |
| 4:42 | Crear | Villager (Male) |
| 5:22 | Crear | Villager (Male) |
| 5:23 | Crear | Villager (Male) |
| 5:38 | Crear | Villager (Male) |
| 5:57 | Crear | Villager (Male) |
| 6:18 | Crear | Villager (Male) |
| 6:30 | Crear | Villager (Male) |
| 6:38 | Crear | Villager (Male) |
| 6:42 | Construir | House |
| 6:46 | Construir | Mill |
| 7:50 | Crear | Villager (Male) |
| 8:41 | Crear | Villager (Male) |
| 8:42 | Crear | Villager (Male) |
| 8:52 | Construir | Dock |
| 9:01 | Construir | House |
| 9:05 | Crear | Villager (Male) |
| 9:21 | Investigar | Loom |
| 9:21 | Investigar | Feudal Age |
| 9:47 | Construir | Mining Camp |
| 9:53 | Construir | Mining Camp |
| 12:07 | Edad | Edad Feudal |
| 12:17 | Construir | Blacksmith |
| 12:37 | Construir | Market |
| 12:43 | Crear | Villager (Male) |
| 13:01 | Investigar | Double-Bit Axe |
| 13:28 | Investigar | Castle Age |
| 13:56 | Construir | Palisade Wall |
| 14:01 | Construir | House |
| 14:03 | Construir | House |
| 14:12 | Construir | House |
| 14:24 | Investigar | Horse Collar |
| 15:30 | Investigar | Gold Mining |
| 16:06 | Construir | Barracks |
| 16:08 | Edad | Edad de los Castillos |
| 16:21 | Construir | Lumber Camp |
| 16:32 | Construir | Palisade Wall |
| 16:43 | Crear | Villager (Male) |
| 16:44 | Crear | Villager (Male) |
| 16:59 | Construir | Town Center |
| 17:40 | Crear | Villager (Male) |
| 17:42 | Crear | Villager (Male) |
| 17:43 | Crear | Villager (Male) |
| 17:46 | Construir | Farm |
| 17:48 | Investigar | Bow Saw |
| 17:56 | Construir | Farm |
| 17:56 | Construir | Farm |
| 17:57 | Construir | Farm |
| 17:57 | Construir | Farm |
| 18:33 | Crear | Villager (Male) |
| 18:36 | Construir | Palisade Gate |
| 18:54 | Crear | Villager (Male) |
| 18:55 | Crear | Villager (Male) |
| 18:55 | Crear | Villager (Male) |
| 19:17 | Construir | Farm |
| 19:17 | Construir | Farm |
| 19:17 | Construir | Farm |
| 19:17 | Construir | Farm |
| 19:18 | Construir | Farm |
| 19:18 | Construir | Farm |
| 19:31 | Crear | Villager (Male) |
| 19:31 | Crear | Villager (Male) |
| 19:35 | Crear | Villager (Male) |
| 19:36 | Crear | Villager (Male) |
| 19:41 | Investigar | Heavy Plow |
| 19:42 | Crear | Villager (Male) |
| 19:42 | Crear | Villager (Male) |
| 19:48 | Crear | Villager (Male) |
| 19:48 | Crear | Villager (Male) |
| 19:52 | Construir | Farm |
| 19:57 | Construir | Farm |
| 20:10 | Crear | Villager (Male) |
| 20:14 | Construir | Farm |
| 20:24 | Construir | Farm |
| 20:31 | Construir | Farm |
| 20:39 | Crear | Villager (Male) |
| 20:40 | Crear | Villager (Male) |
| 20:48 | Construir | Farm |
| 20:48 | Construir | Farm |
| 20:49 | Construir | Farm |
| 20:54 | Construir | Farm |
| 20:56 | Crear | Villager (Male) |
| 20:56 | Crear | Villager (Male) |
| 21:22 | Construir | Stone Wall |
| 21:41 | Construir | Farm |
| 21:41 | Construir | Farm |
| 21:41 | Construir | Farm |
| 21:55 | Crear | Villager (Male) |
| 21:55 | Crear | Villager (Male) |
| 22:03 | Crear | Villager (Male) |
| 22:09 | Construir | House |
| 22:11 | Construir | House |
| 22:17 | Crear | Spearman |
| 22:17 | Crear | Spearman |
| 22:17 | Crear | Spearman |
| 22:17 | Crear | Spearman |
| 22:33 | Construir | Monastery |
| 22:38 | Crear | Villager (Male) |
| 22:39 | Crear | Villager (Male) |
| 22:51 | Construir | House |
| 22:52 | Construir | House |
| 22:52 | Construir | House |
| 22:52 | Construir | House |
| 22:52 | Construir | House |
| 22:53 | Construir | House |
| 22:53 | Construir | House |
| 23:11 | Construir | Mining Camp |
| 23:16 | Crear | Villager (Male) |
| 23:16 | Crear | Villager (Male) |
| 23:16 | Crear | Villager (Male) |
| 23:32 | Crear | Villager (Male) |
| 23:32 | Crear | Villager (Male) |
| 23:33 | Investigar | Wheelbarrow |
| 23:37 | Crear | Villager (Male) |
| 23:42 | Construir | Farm |
| 23:43 | Construir | Farm |
| 23:43 | Construir | Farm |
| 23:43 | Construir | Farm |
| 23:43 | Construir | Farm |
| 23:44 | Construir | Farm |
| 23:44 | Construir | Farm |
| 23:44 | Construir | Farm |
| 24:28 | Construir | Town Center |
| 24:29 | Crear | Villager (Male) |
| 24:29 | Crear | Villager (Male) |
| 24:32 | Investigar | Town Watch |
| 24:33 | Crear | Villager (Male) |
| 24:33 | Crear | Villager (Male) |
| 24:47 | Construir | Outpost |
| 24:48 | Construir | Outpost |
| 24:51 | Construir | Outpost |
| 24:52 | Construir | Outpost |
| 24:54 | Construir | Outpost |
| 24:56 | Crear | Villager (Male) |
| 24:57 | Crear | Villager (Male) |
| 24:57 | Crear | Villager (Male) |
| 24:58 | Crear | Villager (Male) |
Build order — Wololo
Primeras 150 de 519 acciones detectadas
| 0:02 | Crear | Villager (Male) ×4 |
| 0:03 | Crear | Villager (Male) ×4 |
| 0:06 | Construir | House |
| 0:08 | Construir | House |
| 1:28 | Crear | Villager (Male) |
| 1:29 | Crear | Villager (Male) |
| 2:00 | Crear | Villager (Male) |
| 2:00 | Crear | Villager (Male) |
| 2:00 | Crear | Villager (Male) |
| 2:27 | Crear | Villager (Male) |
| 3:02 | Crear | Villager (Male) |
| 3:02 | Crear | Villager (Male) |
| 3:25 | Crear | Villager (Male) |
| 3:26 | Crear | Villager (Male) |
| 3:26 | Crear | Villager (Male) |
| 3:26 | Crear | Villager (Male) |
| 3:45 | Construir | House |
| 3:55 | Crear | Villager (Male) |
| 3:55 | Crear | Villager (Male) |
| 4:25 | Crear | Villager (Male) |
| 4:25 | Crear | Villager (Male) |
| 4:25 | Crear | Villager (Male) |
| 4:37 | Construir | Mill |
| 4:40 | Crear | Villager (Male) |
| 4:41 | Crear | Villager (Male) |
| 5:13 | Crear | Villager (Male) |
| 5:14 | Crear | Villager (Male) |
| 5:14 | Crear | Villager (Male) |
| 5:21 | Crear | Villager (Male) |
| 5:21 | Crear | Villager (Male) |
| 6:14 | Crear | Villager (Male) |
| 6:14 | Crear | Villager (Male) |
| 6:22 | Construir | Lumber Camp |
| 7:49 | Construir | Mining Camp |
| 8:14 | Construir | House |
| 8:25 | Crear | Villager (Male) |
| 8:25 | Crear | Villager (Male) |
| 8:25 | Crear | Villager (Male) |
| 8:26 | Crear | Villager (Male) |
| 8:43 | Construir | House |
| 9:41 | Investigar | Feudal Age |
| 9:50 | Construir | Barracks |
| 12:17 | Edad | Edad Feudal |
| 12:18 | Investigar | Wheelbarrow |
| 12:20 | Investigar | Double-Bit Axe |
| 12:22 | Crear | Spearman |
| 12:25 | Investigar | Horse Collar |
| 12:31 | Construir | Farm |
| 12:31 | Construir | Farm |
| 12:31 | Construir | Farm |
| 12:33 | Construir | Farm |
| 12:40 | Construir | Stable |
| 13:01 | Construir | Mill |
| 13:08 | Construir | Farm |
| 13:34 | Construir | Blacksmith |
| 13:45 | Construir | Farm |
| 13:46 | Construir | Farm |
| 13:53 | Crear | Villager (Male) |
| 13:53 | Crear | Villager (Male) |
| 14:08 | Construir | Farm |
| 14:19 | Construir | Farm |
| 14:20 | Construir | Farm |
| 14:21 | Construir | Farm |
| 14:26 | Construir | Farm |
| 14:38 | Construir | Farm |
| 14:40 | Construir | Farm |
| 14:44 | Crear | Villager (Male) |
| 14:45 | Crear | Villager (Male) |
| 14:45 | Crear | Villager (Male) |
| 14:53 | Construir | Farm |
| 15:09 | Construir | Farm |
| 15:21 | Construir | Farm |
| 15:47 | Construir | Mill |
| 15:52 | Investigar | Castle Age |
| 16:18 | Construir | Farm |
| 16:19 | Construir | Farm |
| 16:24 | Crear | Scout Cavalry ×2 |
| 16:34 | Construir | Stable |
| 16:42 | Investigar | Bloodlines |
| 16:58 | Investigar | Forging |
| 17:17 | Construir | Market |
| 17:59 | Crear | Scout Cavalry ×4 |
| 18:39 | Edad | Edad de los Castillos |
| 18:41 | Investigar | Light Cavalry (upgrade) |
| 18:47 | Construir | Town Center |
| 18:50 | Crear | Villager (Male) ×5 |
| 18:50 | Crear | Villager (Male) ×5 |
| 19:14 | Crear | Scout Cavalry |
| 19:14 | Crear | Scout Cavalry |
| 19:40 | Construir | Mining Camp |
| 20:15 | Investigar | Husbandry |
| 20:16 | Crear | Scout Cavalry ×3 |
| 20:16 | Crear | Scout Cavalry ×3 |
| 21:05 | Investigar | Hand Cart |
| 21:05 | Crear | Villager (Male) |
| 21:06 | Crear | Villager (Male) |
| 21:15 | Construir | Town Center |
| 21:21 | Crear | Trade Cart |
| 21:21 | Crear | Trade Cart |
| 23:28 | Crear | Villager (Male) ×5 |
| 23:28 | Crear | Villager (Male) ×5 |
| 23:28 | Crear | Villager (Male) ×5 |
| 23:29 | Crear | Villager (Male) ×5 |
| 23:29 | Crear | Villager (Male) ×4 |
| 24:05 | Crear | Villager (Male) ×5 |
| 24:05 | Crear | Villager (Male) ×5 |
| 24:28 | Construir | House |
| 24:29 | Construir | House |
| 24:32 | Construir | House |
| 24:32 | Construir | House |
| 24:34 | Construir | House |
| 25:18 | Crear | Villager (Male) ×5 |
| 25:18 | Crear | Villager (Male) ×5 |
| 25:19 | Crear | Villager (Male) ×5 |
| 25:19 | Crear | Villager (Male) |
| 25:53 | Construir | Town Center |
| 26:39 | Investigar | Loom |
| 27:06 | Crear | Villager (Male) ×5 |
| 27:07 | Crear | Villager (Male) ×5 |
| 27:07 | Crear | Villager (Male) ×5 |
| 27:07 | Crear | Villager (Male) ×5 |
| 27:08 | Investigar | Loom |
| 27:53 | Construir | Market |
| 28:43 | Construir | Castle |
| 28:57 | Crear | Villager (Male) |
| 28:57 | Crear | Villager (Male) |
| 29:16 | Construir | Mill |
| 29:18 | Construir | Farm |
| 29:18 | Construir | Farm |
| 29:18 | Construir | Farm |
| 29:20 | Construir | Farm |
| 29:20 | Construir | Farm |
| 29:20 | Construir | Farm |
| 29:21 | Construir | Farm |
| 29:21 | Construir | Farm |
| 30:03 | Crear | Villager (Male) ×2 |
| 30:03 | Crear | Villager (Male) ×2 |
| 30:03 | Crear | Villager (Male) ×2 |
| 30:18 | Construir | Gate |
| 30:27 | Crear | Trade Cart ×5 |
| 30:27 | Crear | Trade Cart ×5 |
| 30:28 | Crear | Trade Cart ×5 |
| 30:28 | Crear | Trade Cart ×5 |
| 30:28 | Crear | Trade Cart ×5 |
| 30:34 | Investigar | Caravan |
| 30:39 | Crear | Trade Cart ×5 |
| 30:39 | Crear | Trade Cart ×5 |
| 30:39 | Crear | Trade Cart |
| 30:49 | Construir | Mill |
| 30:51 | Construir | Farm |
Build order — [Lunch Club] TheYps
Primeras 150 de 488 acciones detectadas
| 0:02 | Crear | Villager (Male) |
| 0:02 | Crear | Villager (Male) |
| 0:03 | Crear | Villager (Male) |
| 0:04 | Construir | House |
| 0:05 | Construir | House |
| 0:22 | Crear | Villager (Male) |
| 0:23 | Crear | Villager (Male) |
| 1:28 | Crear | Villager (Male) |
| 1:28 | Crear | Villager (Male) |
| 1:52 | Crear | Villager (Male) |
| 1:52 | Crear | Villager (Male) |
| 2:09 | Construir | Lumber Camp |
| 2:26 | Crear | Villager (Male) |
| 2:27 | Crear | Villager (Male) |
| 3:03 | Crear | Villager (Male) |
| 3:03 | Crear | Villager (Male) |
| 3:03 | Crear | Villager (Male) |
| 3:59 | Crear | Villager (Male) |
| 3:59 | Crear | Villager (Male) |
| 4:06 | Construir | House |
| 4:36 | Crear | Villager (Male) |
| 4:37 | Crear | Villager (Male) |
| 5:10 | Crear | Villager (Male) |
| 5:10 | Crear | Villager (Male) |
| 5:42 | Crear | Villager (Male) |
| 5:42 | Crear | Villager (Male) |
| 6:07 | Construir | Mill |
| 7:05 | Construir | Dock |
| 7:06 | Crear | Villager (Male) |
| 7:07 | Crear | Villager (Male) |
| 7:14 | Investigar | Double-Bit Axe |
| 7:19 | Construir | House |
| 7:28 | Investigar | Loom |
| 7:38 | Crear | Villager (Male) |
| 8:05 | Crear | Villager (Male) |
| 8:49 | Crear | Fishing Ship |
| 8:58 | Crear | Villager (Male) |
| 9:05 | Construir | House |
| 9:14 | Crear | Villager (Male) |
| 9:23 | Crear | Fishing Ship |
| 9:30 | Crear | Villager (Male) |
| 9:36 | Construir | House |
| 10:16 | Construir | Mining Camp |
| 10:36 | Investigar | Feudal Age |
| 10:55 | Construir | Palisade Wall |
| 11:03 | Construir | Palisade Wall |
| 11:14 | Construir | Palisade Wall |
| 11:18 | Crear | Villager (Male) |
| 11:35 | Construir | Palisade Wall |
| 11:55 | Crear | Fishing Ship |
| 12:46 | Edad | Edad Feudal |
| 12:50 | Crear | Villager (Male) |
| 12:51 | Crear | Villager (Male) |
| 13:20 | Construir | Lumber Camp |
| 13:21 | Crear | Villager (Male) |
| 13:34 | Construir | House |
| 13:39 | Construir | Palisade Wall |
| 13:55 | Crear | Fishing Ship |
| 14:02 | Crear | Villager (Male) |
| 14:30 | Crear | Villager (Male) |
| 15:20 | Construir | Market |
| 15:23 | Construir | Blacksmith |
| 15:28 | Crear | Villager (Male) |
| 15:28 | Crear | Villager (Male) |
| 15:55 | Construir | Palisade Gate |
| 16:18 | Construir | Farm |
| 16:19 | Construir | Farm |
| 16:19 | Construir | Farm |
| 16:19 | Construir | Farm |
| 16:22 | Investigar | Castle Age |
| 16:26 | Construir | Farm |
| 16:41 | Investigar | Gold Mining |
| 17:09 | Construir | Palisade Wall |
| 17:29 | Investigar | Bow Saw |
| 17:38 | Investigar | Horse Collar |
| 18:04 | Construir | Palisade Gate |
| 18:13 | Investigar | Heavy Plow |
| 18:27 | Construir | Barracks |
| 18:30 | Crear | Villager (Male) |
| 19:02 | Edad | Edad de los Castillos |
| 19:12 | Investigar | Gold Shaft Mining |
| 19:15 | Crear | Villager (Male) |
| 19:24 | Construir | Town Center |
| 19:34 | Construir | Palisade Wall |
| 19:36 | Construir | Palisade Gate |
| 19:49 | Construir | Stable |
| 19:54 | Construir | Stable |
| 19:57 | Crear | Villager (Male) |
| 19:57 | Crear | Villager (Male) |
| 20:14 | Construir | House |
| 20:16 | Construir | House |
| 20:20 | Crear | Villager (Male) |
| 20:48 | Construir | Stable |
| 20:55 | Construir | Farm |
| 20:58 | Construir | Farm |
| 21:01 | Crear | Villager (Male) |
| 21:07 | Crear | Villager (Male) |
| 21:27 | Construir | Farm |
| 21:50 | Construir | Mill |
| 21:51 | Construir | Farm |
| 21:57 | Crear | Villager (Male) |
| 21:59 | Crear | Villager (Male) |
| 21:59 | Crear | Villager (Male) |
| 21:59 | Crear | Villager (Male) |
| 22:01 | Construir | Farm |
| 22:01 | Construir | Farm |
| 22:17 | Crear | Knight |
| 22:25 | Construir | Farm |
| 22:26 | Construir | Farm |
| 22:27 | Construir | Farm |
| 22:34 | Construir | Farm |
| 22:38 | Construir | Farm |
| 22:42 | Construir | Farm |
| 22:43 | Construir | Farm |
| 22:45 | Construir | Farm |
| 22:47 | Construir | Farm |
| 23:00 | Crear | Knight ×3 |
| 23:13 | Crear | Villager (Male) |
| 23:20 | Construir | Farm |
| 23:29 | Construir | Farm |
| 23:32 | Crear | Villager (Male) |
| 23:34 | Crear | Villager (Male) |
| 23:40 | Crear | Knight ×2 |
| 23:45 | Crear | Villager (Male) |
| 23:49 | Construir | House |
| 24:03 | Construir | Lumber Camp |
| 24:08 | Construir | House |
| 24:09 | Construir | House |
| 24:10 | Construir | House |
| 24:11 | Construir | House |
| 24:17 | Crear | Knight ×3 |
| 24:18 | Crear | Villager (Male) |
| 24:22 | Construir | House |
| 24:24 | Construir | House |
| 24:38 | Investigar | Scale Barding Armor |
| 24:40 | Crear | Villager (Male) |
| 24:46 | Construir | Farm |
| 24:47 | Construir | Farm |
| 24:47 | Construir | Farm |
| 24:50 | Crear | Villager (Male) |
| 24:50 | Crear | Villager (Male) |
| 24:50 | Crear | Villager (Male) |
| 25:01 | Crear | Knight |
| 25:15 | Construir | Farm |
| 25:15 | Construir | Farm |
| 25:20 | Construir | Farm |
| 25:24 | Crear | Knight ×3 |
| 25:24 | Crear | Knight ×3 |
| 25:44 | Construir | Farm |
| 25:49 | Construir | Farm |
Build order — vinhphuocrv
Primeras 150 de 707 acciones detectadas
| 0:01 | Crear | Villager (Male) |
| 0:01 | Crear | Villager (Male) |
| 0:02 | Crear | Villager (Male) |
| 0:04 | Construir | House |
| 0:07 | Construir | House |
| 0:12 | Crear | Villager (Male) |
| 0:30 | Crear | Villager (Male) |
| 0:46 | Construir | House |
| 1:39 | Crear | Villager (Male) |
| 2:03 | Crear | Villager (Male) |
| 2:03 | Crear | Villager (Male) |
| 2:37 | Crear | Villager (Male) |
| 2:37 | Crear | Villager (Male) |
| 2:37 | Crear | Villager (Male) |
| 3:01 | Crear | Villager (Male) |
| 3:11 | Crear | Villager (Male) |
| 3:36 | Crear | Villager (Male) |
| 3:36 | Crear | Villager (Male) |
| 3:45 | Crear | Villager (Male) |
| 4:14 | Crear | Villager (Male) |
| 5:07 | Crear | Villager (Male) |
| 5:08 | Crear | Villager (Male) |
| 5:15 | Crear | Villager (Male) |
| 5:26 | Crear | Villager (Male) |
| 5:26 | Crear | Villager (Male) |
| 5:39 | Construir | Lumber Camp |
| 5:44 | Crear | Villager (Male) |
| 6:21 | Crear | Villager (Male) |
| 6:21 | Crear | Villager (Male) |
| 6:33 | Construir | House |
| 6:51 | Crear | Villager (Male) |
| 6:52 | Crear | Villager (Male) |
| 7:09 | Construir | Mill |
| 7:11 | Crear | Villager (Male) |
| 7:11 | Crear | Villager (Male) |
| 7:33 | Construir | House |
| 7:58 | Crear | Villager (Male) |
| 7:58 | Crear | Villager (Male) |
| 8:04 | Crear | Villager (Male) |
| 8:11 | Crear | Villager (Male) |
| 8:25 | Crear | Villager (Male) |
| 8:34 | Investigar | Feudal Age |
| 8:35 | Investigar | Loom |
| 8:54 | Construir | Farm |
| 8:55 | Construir | Farm |
| 8:56 | Construir | Farm |
| 8:58 | Construir | Farm |
| 10:38 | Crear | Villager (Male) |
| 10:38 | Edad | Edad Feudal |
| 10:38 | Crear | Villager (Male) |
| 10:38 | Crear | Villager (Male) |
| 10:53 | Construir | Farm |
| 10:56 | Construir | Farm |
| 10:58 | Construir | Farm |
| 11:00 | Construir | Farm |
| 11:01 | Construir | Farm |
| 11:03 | Construir | Farm |
| 11:06 | Crear | Villager (Male) |
| 11:19 | Construir | Blacksmith |
| 12:23 | Crear | Villager (Male) |
| 12:34 | Construir | Market |
| 12:41 | Crear | Villager (Male) |
| 13:26 | Investigar | Castle Age |
| 13:38 | Construir | House |
| 13:41 | Construir | House |
| 15:03 | Construir | Lumber Camp |
| 15:51 | Edad | Edad de los Castillos |
| 15:56 | Construir | Town Center |
| 16:07 | Crear | Villager (Male) |
| 16:07 | Crear | Villager (Male) |
| 16:08 | Crear | Villager (Male) |
| 16:33 | Construir | Town Center |
| 16:36 | Crear | Villager (Male) |
| 16:45 | Crear | Villager (Male) |
| 16:47 | Investigar | Double-Bit Axe |
| 17:06 | Crear | Villager (Male) |
| 17:29 | Construir | Monastery |
| 17:33 | Crear | Villager (Male) |
| 17:41 | Crear | Villager (Male) |
| 17:45 | Crear | Villager (Male) |
| 17:46 | Crear | Villager (Male) |
| 17:57 | Crear | Villager (Male) |
| 18:06 | Crear | Villager (Male) |
| 18:10 | Crear | Monk |
| 18:22 | Crear | Villager (Male) |
| 18:39 | Construir | Mining Camp |
| 18:40 | Crear | Villager (Male) |
| 18:46 | Investigar | Bow Saw |
| 18:48 | Investigar | Horse Collar |
| 19:08 | Crear | Monk |
| 19:18 | Crear | Villager (Male) |
| 19:20 | Crear | Villager (Male) |
| 19:23 | Crear | Villager (Male) |
| 19:26 | Crear | Villager (Male) |
| 19:27 | Crear | Villager (Male) |
| 19:28 | Crear | Villager (Male) |
| 19:34 | Construir | Farm |
| 19:36 | Construir | Farm |
| 19:38 | Construir | Farm |
| 19:39 | Construir | Farm |
| 19:41 | Crear | Villager (Male) |
| 20:10 | Construir | Barracks |
| 20:20 | Construir | Farm |
| 20:29 | Construir | Farm |
| 20:35 | Crear | Villager (Male) |
| 20:48 | Construir | House |
| 20:58 | Crear | Villager (Male) |
| 21:07 | Construir | House |
| 21:08 | Construir | House |
| 21:10 | Construir | House |
| 22:06 | Crear | Villager (Male) |
| 22:12 | Investigar | Wheelbarrow |
| 22:25 | Crear | Villager (Male) |
| 22:25 | Crear | Villager (Male) |
| 22:31 | Construir | House |
| 22:32 | Construir | House |
| 22:35 | Construir | House |
| 22:36 | Construir | House |
| 22:38 | Crear | Villager (Male) |
| 22:43 | Investigar | Gold Mining |
| 22:45 | Investigar | Stone Mining |
| 22:48 | Investigar | Gold Mining |
| 22:52 | Crear | Villager (Male) |
| 23:22 | Construir | Castle |
| 23:30 | Investigar | Stone Shaft Mining |
| 23:51 | Crear | Villager (Male) |
| 23:51 | Crear | Villager (Male) |
| 23:52 | Crear | Villager (Male) |
| 23:57 | Construir | Farm |
| 23:58 | Construir | Farm |
| 24:00 | Construir | Farm |
| 24:01 | Crear | Villager (Male) |
| 24:01 | Crear | Villager (Male) |
| 24:02 | Crear | Villager (Male) |
| 24:04 | Crear | Villager (Male) |
| 24:04 | Crear | Villager (Male) |
| 24:12 | Construir | Farm |
| 24:13 | Construir | Farm |
| 24:14 | Construir | Farm |
| 24:17 | Construir | Farm |
| 24:46 | Crear | Villager (Male) |
| 24:57 | Crear | Villager (Male) |
| 24:58 | Crear | Villager (Male) |
| 25:03 | Investigar | Gold Shaft Mining |
| 25:15 | Construir | Mining Camp |
| 25:22 | Crear | Monk |
| 25:38 | Construir | Farm |
| 25:39 | Construir | Farm |
| 25:41 | Construir | Farm |
| 25:42 | Construir | Farm |
Build order — Pig-killing team member
Primeras 150 de 644 acciones detectadas
| 0:03 | Crear | Villager (Male) |
| 0:04 | Crear | Villager (Male) |
| 0:04 | Crear | Villager (Male) |
| 0:04 | Crear | Villager (Male) |
| 0:04 | Crear | Villager (Male) |
| 0:07 | Construir | House |
| 0:11 | Construir | House |
| 0:12 | Construir | House |
| 0:50 | Investigar | Loom |
| 1:46 | Crear | Villager (Male) |
| 1:47 | Crear | Villager (Male) |
| 2:24 | Crear | Villager (Male) |
| 2:24 | Crear | Villager (Male) |
| 2:41 | Construir | Lumber Camp |
| 3:05 | Crear | Villager (Male) |
| 3:39 | Crear | Villager (Male) |
| 3:39 | Crear | Villager (Male) |
| 3:39 | Crear | Villager (Male) |
| 4:05 | Crear | Villager (Male) |
| 4:05 | Crear | Villager (Male) |
| 4:31 | Crear | Villager (Male) |
| 4:31 | Crear | Villager (Male) |
| 4:35 | Construir | Mill |
| 5:18 | Crear | Villager (Male) |
| 5:19 | Crear | Villager (Male) |
| 5:19 | Crear | Villager (Male) |
| 5:42 | Crear | Villager (Male) |
| 5:42 | Crear | Villager (Male) |
| 6:14 | Construir | House |
| 6:27 | Crear | Villager (Male) |
| 6:27 | Crear | Villager (Male) |
| 6:29 | Crear | Villager (Male) |
| 6:39 | Construir | Farm |
| 6:47 | Construir | House |
| 6:51 | Crear | Villager (Male) |
| 7:04 | Construir | Farm |
| 7:04 | Crear | Villager (Male) |
| 7:04 | Crear | Villager (Male) |
| 7:21 | Construir | House |
| 7:22 | Crear | Villager (Male) |
| 7:22 | Crear | Villager (Male) |
| 7:27 | Construir | Farm |
| 7:35 | Crear | Villager (Male) |
| 7:35 | Crear | Villager (Male) |
| 7:43 | Crear | Villager (Male) |
| 8:04 | Crear | Villager (Male) |
| 8:04 | Crear | Villager (Male) |
| 8:15 | Crear | Villager (Male) |
| 8:15 | Crear | Villager (Male) |
| 8:28 | Crear | Villager (Male) |
| 8:28 | Crear | Villager (Male) |
| 8:37 | Crear | Villager (Male) |
| 8:37 | Crear | Villager (Male) |
| 9:02 | Crear | Villager (Male) |
| 9:02 | Crear | Villager (Male) |
| 9:02 | Crear | Villager (Male) |
| 9:08 | Crear | Villager (Male) |
| 9:18 | Crear | Villager (Male) |
| 9:38 | Construir | Mining Camp |
| 10:20 | Investigar | Feudal Age |
| 10:30 | Construir | Barracks |
| 10:55 | Crear | Villager (Male) |
| 10:55 | Crear | Villager (Male) |
| 10:55 | Crear | Villager (Male) |
| 12:10 | Crear | Villager (Male) |
| 12:10 | Crear | Villager (Male) |
| 12:30 | Edad | Edad Feudal |
| 12:50 | Construir | Stable |
| 12:59 | Construir | Blacksmith |
| 13:14 | Crear | Villager (Male) |
| 13:26 | Construir | Farm |
| 13:27 | Construir | Farm |
| 13:45 | Investigar | Castle Age |
| 13:51 | Construir | Market |
| 13:58 | Crear | Spearman |
| 13:58 | Crear | Spearman |
| 14:13 | Crear | Spearman |
| 14:35 | Construir | Farm |
| 14:46 | Construir | House |
| 15:21 | Construir | House |
| 15:39 | Construir | House |
| 15:57 | Investigar | Scale Barding Armor |
| 16:06 | Crear | Villager (Male) |
| 16:06 | Crear | Villager (Male) |
| 16:06 | Crear | Villager (Male) |
| 16:25 | Edad | Edad de los Castillos |
| 16:34 | Construir | Town Center |
| 16:40 | Crear | Villager (Male) |
| 17:08 | Construir | Lumber Camp |
| 17:09 | Crear | Villager (Male) |
| 17:40 | Crear | Villager (Male) |
| 17:41 | Crear | Villager (Male) |
| 17:41 | Crear | Villager (Male) |
| 17:44 | Construir | Farm |
| 17:45 | Construir | Farm |
| 17:50 | Crear | Villager (Male) |
| 17:51 | Crear | Villager (Male) |
| 18:12 | Crear | Villager (Male) |
| 18:52 | Construir | Town Center |
| 18:59 | Crear | Villager (Male) |
| 19:13 | Construir | Farm |
| 19:15 | Investigar | Double-Bit Axe |
| 19:35 | Crear | Villager (Male) |
| 19:43 | Crear | Villager (Male) |
| 19:47 | Construir | Farm |
| 19:51 | Construir | Farm |
| 19:54 | Construir | Farm |
| 19:59 | Construir | Farm |
| 20:01 | Crear | Villager (Male) |
| 20:16 | Construir | Lumber Camp |
| 20:23 | Crear | Villager (Male) |
| 20:27 | Construir | Farm |
| 20:31 | Crear | Villager (Male) |
| 20:35 | Construir | Farm |
| 20:52 | Crear | Villager (Male) |
| 20:55 | Construir | Farm |
| 20:57 | Construir | Farm |
| 21:01 | Crear | Villager (Male) |
| 21:03 | Crear | Villager (Male) |
| 21:13 | Investigar | Horse Collar |
| 21:15 | Crear | Villager (Male) |
| 21:17 | Crear | Villager (Male) |
| 21:29 | Crear | Villager (Male) |
| 21:37 | Construir | Farm |
| 21:39 | Construir | Farm |
| 21:45 | Construir | Farm |
| 21:55 | Crear | Villager (Male) |
| 21:55 | Crear | Villager (Male) |
| 21:56 | Crear | Villager (Male) |
| 22:14 | Construir | Lumber Camp |
| 22:25 | Investigar | Wheelbarrow |
| 22:41 | Crear | Villager (Male) |
| 22:42 | Crear | Villager (Male) |
| 23:01 | Construir | Stable |
| 23:01 | Crear | Villager (Male) |
| 23:02 | Crear | Villager (Male) |
| 23:02 | Crear | Villager (Male) |
| 23:10 | Crear | Villager (Male) |
| 23:10 | Crear | Villager (Male) |
| 23:11 | Crear | Villager (Male) |
| 23:12 | Crear | Villager (Male) |
| 23:13 | Crear | Villager (Male) |
| 23:38 | Crear | Villager (Male) |
| 23:39 | Crear | Villager (Male) |
| 23:39 | Crear | Villager (Male) |
| 23:53 | Construir | House |
| 23:56 | Crear | Spearman |
| 23:57 | Crear | Spearman |
| 24:05 | Construir | Town Center |
| 24:25 | Crear | Villager (Male) |
Cronología de la partida
| 7:05 | [Lunch Club] TheYps · first_building Dock |
| 8:52 | [Lunch Club] Living Large · first_building Dock |
| 9:32 | Anark · age_up feudal |
| 9:44 | Anark · first_building Barracks |
| 9:50 | Wololo · first_building Barracks |
| 10:09 | Anark · wall_segment Stone Wall x11 |
| 10:24 | Anark · wall_segment Stone Wall x16 |
| 10:30 | [Lunch Club] The D · first_building Dock |
| 10:30 | Pig-killing team member · first_building Barracks |
| 10:38 | vinhphuocrv · age_up feudal |
| 10:45 | [Lunch Club] The D · first_building Barracks |
| 10:55 | [Lunch Club] TheYps · wall_segment Palisade Wall x15 |
| 11:03 | [Lunch Club] TheYps · wall_segment Palisade Wall x16 |
| 11:14 | [Lunch Club] TheYps · wall_segment Palisade Wall x35 |
| 11:15 | [Lunch Club] The D · age_up feudal |
| 11:28 | Anark · first_building Stable |
| 11:35 | [Lunch Club] TheYps · wall_segment Palisade Wall x13 |
| 11:35 | [Lunch Club] The D · first_building Stable |
| 12:07 | [Lunch Club] Living Large · age_up feudal |
| 12:17 | Wololo · age_up feudal |
| 12:30 | Pig-killing team member · age_up feudal |
| 12:33 | Peyd · age_up feudal |
| 12:40 | Wololo · first_building Stable |
| 12:46 | [Lunch Club] TheYps · age_up feudal |
| 12:50 | Pig-killing team member · first_building Stable |
| 13:39 | [Lunch Club] TheYps · wall_segment Palisade Wall x17 |
| 13:56 | [Lunch Club] Living Large · wall_segment Palisade Wall x16 |
| 15:51 | vinhphuocrv · age_up castle |
| 15:59 | [Lunch Club] The D · wall_segment Palisade Wall x1 |
| 16:06 | [Lunch Club] Living Large · first_building Barracks |
| 16:08 | [Lunch Club] Living Large · age_up castle |
| 16:19 | Peyd · age_up castle |
| 16:25 | Pig-killing team member · age_up castle |
| 16:32 | [Lunch Club] Living Large · wall_segment Palisade Wall x3 |
| 16:50 | [Lunch Club] Living Large · first_market_buy 100 wood |
| 17:09 | [Lunch Club] TheYps · wall_segment Palisade Wall x1 |
| 17:29 | vinhphuocrv · first_building Monastery |
| 18:27 | [Lunch Club] TheYps · first_building Barracks |
| 18:39 | Wololo · age_up castle |
| 19:02 | [Lunch Club] TheYps · age_up castle |
| 19:34 | [Lunch Club] TheYps · wall_segment Palisade Wall x12 |
| 19:49 | [Lunch Club] TheYps · first_building Stable |
| 20:10 | vinhphuocrv · first_building Barracks |
| 21:22 | [Lunch Club] Living Large · wall_segment Stone Wall x9 |
| 21:45 | [Lunch Club] The D · wall_segment Palisade Wall x1 |
| 21:52 | [Lunch Club] The D · age_up castle |
| 22:33 | [Lunch Club] Living Large · first_building Monastery |
| 22:44 | Peyd · first_building Barracks |
| 23:11 | Peyd · wall_segment Palisade Wall x1 |
| 23:22 | vinhphuocrv · first_building Castle |
| 24:10 | Anark · age_up castle |
| 24:12 | Anark · first_building Castle |
| 25:23 | Peyd · first_building Monastery |
| 25:52 | Peyd · first_market_buy 100 food |
| 26:07 | Pig-killing team member · first_building Castle |
| 26:14 | [Lunch Club] Living Large · wall_segment Palisade Wall x1 |
| 26:54 | Peyd · first_building Castle |
| 28:22 | Wololo · first_market_buy 100 stone |
| 28:43 | Wololo · first_building Castle |
| 30:03 | vinhphuocrv · age_up imperial |
| 30:54 | [Lunch Club] Living Large · first_building Stable |
| 31:13 | [Lunch Club] The D · first_building Archery Range |
| 31:46 | [Lunch Club] Living Large · first_market_sell 100 food |
| 34:07 | Peyd · age_up imperial |
| 34:22 | [Lunch Club] Living Large · first_building Castle |
| 35:34 | Pig-killing team member · age_up imperial |
| 35:53 | [Lunch Club] The D · first_building Monastery |
| 36:01 | [Lunch Club] Living Large · age_up imperial |
| 36:28 | Pig-killing team member · wall_segment Stone Wall x9 |
| 36:29 | [Lunch Club] TheYps · first_building Monastery |
| 36:40 | Pig-killing team member · wall_segment Stone Wall x4 |
| 36:50 | Pig-killing team member · wall_segment Stone Wall x17 |
| 37:44 | Wololo · age_up imperial |
| 39:03 | [Lunch Club] Living Large · first_building Archery Range |
| 39:28 | Pig-killing team member · wall_segment Stone Wall x10 |
| 39:29 | [Lunch Club] Living Large · first_building Siege Workshop |
| 39:40 | [Lunch Club] The D · first_building Castle |
| 39:40 | [Lunch Club] The D · age_up imperial |
| 39:48 | Peyd · wall_segment Stone Wall x13 |
| 39:49 | Pig-killing team member · first_building Archery Range |
| 39:55 | Peyd · wall_segment Stone Wall x8 |
| 39:59 | Peyd · wall_segment Stone Wall x18 |
| 40:13 | [Lunch Club] TheYps · wall_segment Stone Wall x30 |
| 41:29 | Peyd · first_market_sell 500 wood |
| 42:01 | Anark · age_up imperial |
| 43:10 | [Lunch Club] The D · wall_segment Palisade Wall x1 |
| 43:39 | [Lunch Club] TheYps · first_building Siege Workshop |
| 44:13 | [Lunch Club] The D · wall_segment Palisade Wall x1 |
| 44:16 | [Lunch Club] TheYps · first_building Castle |
| 44:24 | [Lunch Club] TheYps · age_up imperial |
| 44:59 | [Lunch Club] TheYps · wall_segment Stone Wall x21 |
| 45:12 | [Lunch Club] TheYps · wall_segment Stone Wall x23 |
| 45:51 | [Lunch Club] The D · first_market_sell 500 food |
| 45:59 | vinhphuocrv · first_building Archery Range |
| 48:40 | [Lunch Club] The D · wall_segment Stone Wall x15 |
| 49:33 | vinhphuocrv · first_building Stable |
| 49:41 | [Lunch Club] The D · first_market_buy 100 wood |
| 50:17 | Anark · first_building Archery Range |
| 52:58 | [Lunch Club] The D · first_building Siege Workshop |
| 54:04 | Anark · first_market_sell 100 stone |
| 54:06 | Anark · first_market_buy 100 wood |
| 62:51 | [Lunch Club] TheYps · first_market_buy 500 wood |
| 63:08 | [Lunch Club] Living Large · tribute_sent a jugador 1 |
| 63:08 | [Lunch Club] Living Large · tribute_sent a jugador 2 |
| 63:08 | [Lunch Club] Living Large · tribute_sent a jugador 4 |
| 63:08 | [Lunch Club] Living Large · tribute_sent a jugador 5 |
| 63:08 | [Lunch Club] Living Large · tribute_sent a jugador 6 |
| 63:08 | [Lunch Club] Living Large · tribute_sent a jugador 7 |
| 63:08 | [Lunch Club] Living Large · tribute_sent a jugador 8 |
| 63:32 | Wololo · wall_segment Stone Wall x15 |
| 63:34 | Wololo · wall_segment Stone Wall x13 |
| 64:16 | vinhphuocrv · first_market_sell 500 stone |
| 64:49 | [Lunch Club] The D · tribute_sent a jugador 2 |
| 64:49 | [Lunch Club] The D · tribute_sent a jugador 3 |
| 64:49 | [Lunch Club] The D · tribute_sent a jugador 4 |
| 64:49 | [Lunch Club] The D · tribute_sent a jugador 5 |
| 64:49 | [Lunch Club] The D · tribute_sent a jugador 6 |
| 64:49 | [Lunch Club] The D · tribute_sent a jugador 7 |
| 64:49 | [Lunch Club] The D · tribute_sent a jugador 8 |
| 65:28 | Pig-killing team member · first_market_buy 100 wood |
| 67:49 | [Lunch Club] TheYps · tribute_sent a jugador 1 |
| 67:49 | [Lunch Club] TheYps · tribute_sent a jugador 2 |
| 67:49 | [Lunch Club] TheYps · tribute_sent a jugador 3 |
| 67:49 | [Lunch Club] TheYps · tribute_sent a jugador 4 |
| 67:49 | [Lunch Club] TheYps · tribute_sent a jugador 6 |
| 67:49 | [Lunch Club] TheYps · tribute_sent a jugador 7 |
| 67:49 | [Lunch Club] TheYps · tribute_sent a jugador 8 |
| 69:30 | [Lunch Club] TheYps · tribute_sent a jugador 1 |
| 69:30 | [Lunch Club] TheYps · tribute_sent a jugador 2 |
| 69:30 | [Lunch Club] TheYps · tribute_sent a jugador 3 |
| 69:30 | [Lunch Club] TheYps · tribute_sent a jugador 4 |
| 69:30 | [Lunch Club] TheYps · tribute_sent a jugador 6 |
| 69:30 | [Lunch Club] TheYps · tribute_sent a jugador 7 |
| 69:30 | [Lunch Club] TheYps · tribute_sent a jugador 8 |
| 69:33 | vinhphuocrv · first_market_buy 100 wood |
| 70:45 | [Lunch Club] TheYps · first_market_sell 500 stone |
| 73:25 | [Lunch Club] TheYps · tribute_sent a jugador 1 |
| 73:25 | [Lunch Club] TheYps · tribute_sent a jugador 2 |
| 73:25 | [Lunch Club] TheYps · tribute_sent a jugador 3 |
| 73:25 | [Lunch Club] TheYps · tribute_sent a jugador 4 |
| 73:25 | [Lunch Club] TheYps · tribute_sent a jugador 6 |
| 73:25 | [Lunch Club] TheYps · tribute_sent a jugador 7 |
| 73:25 | [Lunch Club] TheYps · tribute_sent a jugador 8 |
| 73:26 | Wololo · wall_segment Stone Wall x1 |
| 74:33 | [Lunch Club] The D · tribute_sent a jugador 2 |
| 74:33 | [Lunch Club] The D · tribute_sent a jugador 3 |
| 74:33 | [Lunch Club] The D · tribute_sent a jugador 4 |
| 74:33 | [Lunch Club] The D · tribute_sent a jugador 5 |
| 74:33 | [Lunch Club] The D · tribute_sent a jugador 6 |
| 74:33 | [Lunch Club] The D · tribute_sent a jugador 7 |
| 74:33 | [Lunch Club] The D · tribute_sent a jugador 8 |
| 76:50 | [Lunch Club] The D · tribute_sent a jugador 2 |
| 76:50 | [Lunch Club] The D · tribute_sent a jugador 3 |
| 76:50 | [Lunch Club] The D · tribute_sent a jugador 4 |
| 76:50 | [Lunch Club] The D · tribute_sent a jugador 5 |
| 76:50 | [Lunch Club] The D · tribute_sent a jugador 6 |
| 76:50 | [Lunch Club] The D · tribute_sent a jugador 7 |
| 76:50 | [Lunch Club] The D · tribute_sent a jugador 8 |
| 79:59 | [Lunch Club] The D · resign |
[ ANÁLISIS IA · 1 CRÉDITO ]
¿Qué pasó realmente en esta partida?
Wolo.gg analiza cada decisión: build order, eco, micro, errores típicos por bracket. Análisis personalizado por WhatsApp o Discord en 30 segundos.
Guía civ
Coreanos
Guía mapa
Seasons
Perfil
Jugador #452019